 Dungeon Crawl Stone Soup version 0.29-a0-617-g7a6b98fccd (webtiles) character file.

Game seed: 12085955517203669666

74 frimble the Cleaver (level 4, -1/34 HPs)
             Began as a Gnoll Wanderer on June 17, 2022.
             Slain by an orc
             ... wielding a +0 short sword
              (6 damage)
             ... on level 3 of the Dungeon.
             The game lasted 00:01:31 (1907 turns).

frimble the Cleaver (Gnoll Wanderer)                Turns: 1907, Time: 00:01:31

Health: -1/34      AC:  5    Str: 10    XL:     4   Next: 28%
Magic:  5/5        EV: 12    Int: 14    God:
Gold:   139        SH:  0    Dex: 15    Spells: 5/5 levels left

rFire   . . .      SeeInvis .   j - +0 hand axe (venom)
rCold   . . .      Faith    .   (no shield)
rNeg    . . .      Spirit   .   q - +1 leather armour "Ofam" {Rampage rElec Int+3}
rPois   .          Reflect  .   (no helmet)
rElec   +          Harm     .   c - +0 cloak
rCorr   .          Rampage  +   (no gloves)
Will    .....                   (no boots)
Stlth   ++........              (no amulet)
HPRegen 0.11/turn               m - ring of wizardry
MPRegen 0.09/turn               (no ring)

@: no status effects
A: fangs 1, strong nose, distributed training
a: no special abilities


You were on level 3 of the Dungeon.
You visited 1 branch of the dungeon, and saw 3 of its levels.

You collected 139 gold pieces.

Inventory:

Hand Weapons
 a - a +2 hand axe
 b - a +0 hunting sling
 j - a +0 hand axe of venom (weapon)
Missiles
 s - 5 poisoned darts (quivered)
Armour
 c - a +0 cloak (worn)
 e - a +0 leather armour
 q - the +1 leather armour "Ofam" (worn) {Rampage rElec Int+3}
   (You found it on level 3 of the Dungeon)

   Int:       It affects your intelligence (+3).
   rElec:     It insulates you from electricity.
   Rampage:   It bestows one free step when moving towards enemies.
Jewellery
 m - a ring of wizardry (left hand)
Scrolls
 f - 3 scrolls of identify {unknown}
 g - a scroll of magic mapping {unknown}
 i - a scroll of poison {unknown}
 k - a scroll of immolation {unknown}
 l - 2 scrolls of fog {unknown}
 p - a scroll of silence {unknown}
Potions
 d - a potion of haste
 h - a potion of heal wounds {unknown}
 n - 4 potions of curing {unknown}
 o - a potion of mutation {unknown}
 r - a potion of resistance {unknown}


   Skills:
 + Level 2.7 Fighting
 + Level 1.1 Short Blades
 + Level 1.1 Long Blades
 + Level 8.5 Axes
 + Level 1.1 Maces & Flails
 + Level 1.1 Polearms
 + Level 1.1 Staves
 + Level 6.6 Slings
 + Level 1.1 Bows
 + Level 1.1 Crossbows
 + Level 1.1 Throwing
 + Level 1.1 Armour
 + Level 2.7 Dodging
 + Level 1.1 Stealth
 + Level 1.1 Shields
 + Level 1.1 Unarmed Combat
 + Level 1.1 Spellcasting
 + Level 0.8 Conjurations
 + Level 0.8 Hexes
 + Level 0.8 Summonings
 + Level 0.8 Necromancy
 + Level 0.8 Translocations
 + Level 0.8 Transmutations
 + Level 0.8 Fire Magic
 + Level 0.8 Ice Magic
 + Level 0.8 Air Magic
 + Level 0.8 Earth Magic
 + Level 0.8 Poison Magic
 + Level 1.2 Invocations
 + Level 2.7 Evocations


You had 5 spell levels left.
You didn't know any spells.
Your spell library contained the following spells:

 Spells                   Type           Power      Damage    Failure   Level
 Dispersal                Tloc           1%         N/A       100%        6
 Disjunction              Tloc           1%         N/A       100%        8


Dungeon Overview and Level Annotations

Branches:
Dungeon (3/15)

Altars:


Innate Abilities, Weirdness & Mutations

You have very sharp teeth.
Your uncanny sense of smell can sniff out nearby items.
Your experience applies equally to all skills.


Message History

The orc shouts!
You hit the orc.
You kill the orc!
You hear a shout!
You see here a +0 dagger.
The frilled lizard misses you. The frilled lizard closely misses you.
You miss the frilled lizard. Your bite misses the frilled lizard.
The frilled lizard bites you but does no damage.
You hit the frilled lizard.
You kill the frilled lizard!
You hit the orc.
The orc is poisoned.
The orc hits you with a +0 dagger.
You hit the orc but do no damage. You punch the orc, but do no damage.
You closely miss the orc.
An orc priest comes into view. It is wielding a +0 dagger.
The orc hits you but does no damage. x2
The orc priest shouts!
You hit the orc.
The orc is poisoned.
The orc is moderately wounded.
You hit the orc but do no damage.
You hear a shout!
You kill the orc!
An orc comes into view. It is wielding a +0 flail.
You rampage towards the orc priest!
An orc comes into view. It is wielding a +0 dagger.
Found a copper ring.
The orc priest hits you but does no damage.
You closely miss the orc priest. You hit the orc but do no damage.
The orc looks as sick as possible!
The orc priest invokes the aid of Beogh against you.
Beogh smites you!
* * * LOW HITPOINT WARNING * * *
The orc hits you with a +0 short sword.
* * * LOW HITPOINT WARNING * * *
You hit the orc priest but do no damage.
The orc priest is poisoned.
You bite the orc priest.
The orc priest is lightly wounded.
You hit the orc. The orc priest barely misses you.
The orc hits you with a +0 short sword.
You die...

.###.....###..
......#..# .## ..#.=
......#..## .. ....
#.........#####.#...
#..#...............#
#.........#..##....
............####..
.........#......o##
...........####.@.####..
#..........# ##o)..o...
#..........####..##..###
.............##)###.o...
.#8.....8#..........####
.#..)....#.#..#.###.#
.#8))...8#.##.[.#
.#.......#.............
#8.....8#.##.##.#....#


You could see an orc priest (very poisoned) and 3 orcs.

Vanquished Creatures
  An adder (D:2)
  2 dart slugs
  2 orcs (D:3)
  2 endoplasms
  4 giant cockroaches
  10 goblins
  9 hobgoblins
  3 quokkas
  5 ball pythons
  4 bats (D:1)
  A frilled lizard (D:3)
  4 kobolds
  3 rats
50 creatures vanquished.

Notes
Turn   | Place    | Note
-------+----------+-------------------------------------------
     0 | D:1      | frimble the Gnoll Wanderer began the quest for the Orb.
     0 | D:1      | frimble set off with the following items: a +2 hand axe, a
                  | +0 hunting sling, a +0 cloak, a potion of haste, a +0
                  | leather armour.
     0 | D:1      | Reached XP level 1. HP: 17/17 MP: 1/1
   156 | D:1      | Reached XP level 2. HP: 22/23 MP: 2/2
   658 | D:2      | Found a faded altar of an unknown god.
   819 | D:2      | Reached XP level 3. HP: 28/28 MP: 2/4
   935 | D:2      | Reached skill level 1 in Invocations
  1505 | D:2      | Reached skill level 1 in Short Blades
  1505 | D:2      | Reached skill level 1 in Long Blades
  1505 | D:2      | Reached skill level 1 in Maces & Flails
  1505 | D:2      | Reached skill level 1 in Polearms
  1505 | D:2      | Reached skill level 1 in Staves
  1505 | D:2      | Reached skill level 1 in Bows
  1505 | D:2      | Reached skill level 1 in Crossbows
  1505 | D:2      | Reached skill level 1 in Throwing
  1505 | D:2      | Reached skill level 1 in Armour
  1505 | D:2      | Reached skill level 1 in Stealth
  1505 | D:2      | Reached skill level 1 in Shields
  1505 | D:2      | Reached skill level 1 in Unarmed Combat
  1505 | D:2      | Reached skill level 1 in Spellcasting
  1725 | D:3      | Identified the +1 leather armour "Ofam" {Rampage rElec
                  | Int+3}
  1745 | D:3      | Reached XP level 4. HP: 31/34 MP: 5/5
  1907 | D:3      | Slain by an orc

Illustrated notes

Levels and vault maps discovered:
D:1:      ncdulo_wetmaze, layout_basic, corexii_hall_statues_x, minmay_cupped
D:2:      layout_basic, hellmonk_ecumenical_altar_pennies_from_heaven
D:3:      kennysheep_the_goblin_king, layout_rooms

Skill      XL: |  1  2  3 |
---------------+----------+-----
Invocations    | 1 |  1.2
Short Blades   | 1 |  1.1
Long Blades    | 1 |  1.1
Maces & Flails | 1 |  1.1
Polearms       | 1 |  1.1
Staves         | 1 |  1.1
Bows           | 1 |  1.1
Crossbows      | 1 |  1.1
Throwing       | 1 |  1.1
Armour         | 1 |  1.1
Stealth        | 1 |  1.1
Shields        | 1 |  1.1
Unarmed Combat | 1 |  1.1
Spellcasting   | 1 |  1.1
Fighting       | |  2.7
Axes           | |  8.5
Slings         | |  6.6
Dodging        | |  2.7
Conjurations   | |  0.8
Hexes          | |  0.8
Summonings     | |  0.8
Necromancy     | |  0.8
Translocations | |  0.8
Transmutations | |  0.8
Fire Magic     | |  0.8
Ice Magic      | |  0.8
Air Magic      | |  0.8
Earth Magic    | |  0.8
Poison Magic   | |  0.8
Evocations     | |  2.7

Action                   |  1- 3 |  4- 6 || total
-------------------------+-------+-------++-------
Melee: Hand axe          |    86 |    23 ||   109
       Bite              |     8 |     3 ||    11
       Punch             |     3 |     1 ||     4
 Stab: Sleeping          |     3 |       ||     3
Armor: Leather armour    |    26 |     6 ||    32
Dodge: Dodged            |    39 |    10 ||    49

Table legend: (Time is in decaauts)
 A = Elapsed time spent in this place.
 B = Non-inter-level travel time spent in this place.
 C = Inter-level travel time spent in this place.
 D = Time resting spent in this place.
 E = Time spent auto-exploring this place.
 F = Levels seen in this place.
 G = Mean time per level.
                   A        B        C        D        E       F      G
               +--------+--------+--------+--------+--------+-----+--------+
         Total |   1900 |   1856 |     44 |      0 |   1567 |   3 |  633.3 |
       Dungeon |   1900 |   1856 |     44 |      0 |   1567 |   3 |  633.3 |
               +--------+--------+--------+--------+--------+-----+--------+

Top non-repeatable levels by time:
     D:2: 1060 daAuts
     D:1: 647 daAuts
     D:3: 193 daAuts
